 Dungeon Crawl Stone Soup version 0.26.1-11-gd32895ea62 (webtiles) character file.

Game seed: 2241608835133659855

221 raph the Firebug (level 5, -1/28 HPs)
             Began as a Deep Elf Fire Elementalist on May 1, 2021.
             Splashed by Ijyb's acid (8 damage)
             ... on level 3 of the Dungeon.
             The game lasted 00:05:23 (2991 turns).

raph the Firebug (Deep Elf Fire Elementalist)       Turns: 2991, Time: 00:05:24

Health: -1/28      AC: -1    Str:  5    XL:     5   Next: 65%
Magic:  4/11       EV: 13    Int: 21    God:
Gold:   111        SH:  0    Dex: 15    Spells: 2/10 levels left

rFire    . . .     SeeInvis +   a - +0 dagger
rCold    . . .     Faith    .   (no shield)
rNeg     . . .     Spirit   .   l - +0 robe
rPois    .         Reflect  .   (no helmet)
rElec    .         Harm     .   e - +0 cloak
rCorr    +         Rampage  .   (no gloves)
Will     .....                  (no boots)
Stlth    ++........             (no amulet)
HPRegen  0.09/turn              n - ring of see invisible (curse)
MPRegen  0.12/turn              p - ring of resist corrosion

@: corroded
A: no striking features
a: no special abilities


You were on level 3 of the Dungeon.
You visited 1 branch of the dungeon, and saw 3 of its levels.

You collected 111 gold pieces.

Inventory:

Hand Weapons
 a - a +0 dagger (weapon)
Missiles
 c - 42 poisoned darts
Armour
 e - a +0 cloak (worn)
 l - a +0 robe (worn)
Jewellery
 n - a cursed ring of see invisible (left hand)
 p - a ring of resist corrosion (right hand)
 u - an uncursed ring of fire {unknown}
Scrolls
 d - a scroll of fog {unknown}
 g - a scroll of remove curse
 h - a scroll of noise {unknown}
 i - a scroll of random uselessness {unknown}
 o - 3 scrolls of enchant armour {unknown}
 r - a scroll of blinking {unknown}
 t - 3 scrolls of magic mapping
Potions
 b - a potion of haste
 f - a potion of mutation
 j - a potion of attraction
 k - 3 potions of brilliance
 m - a potion of flight {unknown}
 q - 2 potions of lignification {unknown}
 s - 2 potions of curing {unknown}


   Skills:
 - Level 2.4 Dodging
 - Level 2.4 Stealth
 - Level 3.0 Spellcasting
 + Level 4.4 Conjurations
 + Level 5.5 Fire Magic


You had 2 spell levels left.
You knew the following spells:

 Your Spells              Type           Power        Failure   Level
a - Foxfire               Conj/Fire      96%          1%          1
b - Conjure Flame         Conj/Fire      24%          5%          3
c - Sticky Flame          Conj/Fire      24%          17%         4

Your spell library contained the following spells:

 Spells                   Type           Power        Failure   Level
 Inner Flame              Hex/Fire       14%          13%         3
 Fireball                 Conj/Fire      12%          43%         5


Dungeon Overview and Level Annotations

Branches:
Dungeon (3/15)

Altars:
Elyvilon
Wu Jian

Annotations:
D:2 1 runed translucent door, Crazy Yiuf
D:3 Ijyb


Message History

Ijyb is heavily wounded.
Casting: Foxfire (safe; 1% risk of failure)
Confirm with . or Enter, or press ? or * to list all spells.
You conjure some foxfire!
Ijyb hits you.
Your foxfire dissipates!
The foxfire hits the kobold but does no damage.
Ijyb zaps a wand.
The bolt of acid hits you! You resist.
You are splashed with acid!
You resist.
Casting: Foxfire (safe; 1% risk of failure)
Confirm with . or Enter, or press ? or * to list all spells.
You conjure some foxfire!
Ijyb drinks a potion.
Ijyb is healed!
Unknown command.
Casting: Foxfire (safe; 1% risk of failure)
Confirm with . or Enter, or press ? or * to list all spells.
You conjure some foxfire!
Ijyb zaps a wand.
The bolt of acid hits your foxfire!
Your foxfire is splashed with acid.
The acid corrodes your foxfire! The bolt of acid hits you. You resist.
* * * LOW HITPOINT WARNING * * *
The acid corrodes you!
You are splashed with acid!
You resist.
You die...

#####....#
#........####
#.##........# #
#.##........#
#.#.##........#
###.#.##........#
#...g.....#+#...###.
#...#.#v###...........
....K[§v@v...........
#...#.##§v#.#.....###.
#.. #....<........+
###.####.##.#.....#
..........#.....#
..........#.....#
...............##
........#.#.....#
........#.......#


You could see Ijyb and a kobold.

Vanquished Creatures
  A phantom (D:2)
  Jessica (D:2)
  Terence (D:2)
  A hound zombie (D:2)
  2 adders (D:2)
  An ooze (D:1)
  2 dart slugs
  A giant cockroach (D:1)
  4 hobgoblins
  6 jackals (D:2)
  6 kobolds
  2 quokkas (D:2)
  5 bats
  3 frilled lizards
  7 goblins (D:1)
  4 rats
47 creatures vanquished.

Vanquished Creatures (others)
  179 foxfires
  A fungus (D:2)
180 creatures vanquished.

Grand Total: 227 creatures vanquished

Notes
Turn   | Place    | Note
-------+----------+-------------------------------------------
     0 | D:1      | raph the Deep Elf Fire Elementalist began the quest for the
                  | Orb.
     0 | D:1      | Reached XP level 1. HP: 10/10 MP: 6/6
   305 | D:1      | Reached XP level 2. HP: 15/15 MP: 6/8
   553 | D:1      | Reached skill level 4 in Fire Magic
   683 | D:1      | Reached XP level 3. HP: 19/19 MP: 6/9
   687 | D:1      | Learned a level 3 spell: Conjure Flame
  1589 | D:2      | Noticed a phantom
  1758 | D:2      | Killed a phantom
  1759 | D:2      | Reached skill level 5 in Fire Magic
  1759 | D:2      | Reached XP level 4. HP: 24/24 MP: 2/10
  1759 | D:2      | Reached XP level 5. HP: 28/28 MP: 2/11
  1764 | D:2      | Learned a level 4 spell: Sticky Flame
  1865 | D:2      | Found a white marble altar of Elyvilon.
  2067 | D:2      | Noticed Jessica
  2074 | D:2      | Killed Jessica
  2110 | D:2      | Found an ornate altar of the Wu Jian Council.
  2397 | D:2      | Noticed Terence
  2408 | D:2      | Killed Terence
  2902 | D:2      | Found a runed translucent door.
  2903 | D:2      | Noticed Crazy Yiuf
  2981 | D:3      | Noticed Ijyb
  2991 | D:3      | Splashed by Ijyb's acid

Illustrated notes

Levels and vault maps discovered:
D:1:      minmay_arrival_arboretum_small, layout_basic, minmay_stone_trees_small
D:2:      layout_basic, nzn_wu_jian_council_hall, elyvilon_altar_3,
          uniq_terence, uniq_jessica, uniq_crazy_yiuf_cottage
D:3:      layout_basic, feat_on_display, uniq_robin, uniq_ijyb

Skill      XL: |  1  2  3  4  5 |
---------------+----------------+-----
Conjurations   | 2 3 4 |  4.4
Fire Magic     | 4 5 |  5.5
Dodging        | |  2.4
Stealth        | |  2.4
Spellcasting   | |  3.0

Action                   |  1- 3 |  4- 6 || total
-------------------------+-------+-------++-------
Melee: Unarmed           |     2 |       ||     2
       Dagger            |     3 |     4 ||     7
 Cast: Foxfire           |    74 |    42 ||   116
  Use: Scroll            |     4 |     2 ||     6
Armor: Robe              |     2 |     1 ||     3
Dodge: Dodged            |     7 |     2 ||     9
